 Dungeon Crawl Stone Soup version 0.18-a0-1060-g4fac74f (webtiles) character file.

3754 namelastname112 the Covert (level 9, -3/82 HPs)
             Began as a Black Draconian Wizard on Jan 13, 2016.
             Was a Priest of Pakellas.
             Killed from afar by a steam dragon (22 damage)
             ... with a ball of steam
             ... on level 7 of the Dungeon.
             The game lasted 00:20:07 (11278 turns).

namelastname112 the Covert (DrWz)                  Turns: 11278, Time: 00:20:08

Health: -3/82      AC:  7    Str:  9      XL:     9   Next: 93%
Magic:  11/13      EV: 14    Int: 16 (17) God:    Pakellas [***...]
Gold:   171        SH:  0    Dex: 13      Spells: 1 memorised, 13 levels left

rFire  . . .     SeeInvis .     d - +3 dagger (speed)
rCold  . . .     Gourm    +     (armour unavailable)
rNeg   . . .     Faith    .     (no shield)
rPois  +         Spirit   .     a - +0 hat
rElec  +         Dismiss  .     (no cloak)
rCorr  .         Reflect  .     (no gloves)
SustAt .         Harm     .     (no boots)
MR     .....                    C - amulet of the gourmand
Stlth  +++.......               (no ring)
                                G - ring of poison resistance (curse)

@: not resistant to hostile enchantments, fairly stealthy
A: breathe lightning, unfitting armour, blurry vision 1, deterioration 1, dopey
1, robust 1, electricity resistance, cold-blooded, AC +7
a: Breathe Lightning, Quick Charge, Device Surge, Renounce Religion


You were on level 7 of the Dungeon.
You worshipped Pakellas.
Pakellas was most pleased with you.
You were very full.

You visited 2 branches of the dungeon, and saw 8 of its levels.

You collected 366 gold pieces.
You spent 195 gold pieces at shops.

Inventory:

Hand Weapons
 d - a +3 dagger of speed (weapon)
 q - a +0 blowgun
Missiles
 k - 27 poisoned needles
Armour
 a - a +0 hat (worn)
Jewellery
 C - an amulet of the gourmand (around neck)
 G - a cursed ring of poison resistance (left hand)
Wands
 w - a wand of slowing (27/48)
 B - a wand of frost (20/48)
 E - a wand of draining (4/15)
 I - a wand of frost (20/48)
 K - a wand of random effects (19/48)
Scrolls
 f - 3 scrolls of identify
 g - a scroll of enchant armour {unknown}
 h - 2 scrolls of teleportation
 l - 2 scrolls of recharging
 s - a scroll of noise {unknown}
 t - a scroll of fear {unknown}
 v - a scroll of blinking {unknown}
 y - a scroll of amnesia {unknown}
 A - a scroll of magic mapping {unknown}
 H - 2 scrolls of fog {unknown}
 J - 2 scrolls of remove curse
Potions
 e - 2 potions of lignification
 j - a potion of brilliance
 m - a potion of cancellation
 n - 3 potions of curing
 o - a potion of haste
 x - 3 potions of might {unknown}
 z - a potion of heal wounds
 D - a potion of resistance {unknown}
Books
 b - a book of Minor Magic

   Spells                             Type                      Level
   a - Magic Dart                     Conjuration                  1
   b - Blink                          Translocation                2
   c - Call Imp                       Summoning                    2
   d - Repel Missiles                 Charms/Air                   2
   e - Slow                           Hexes                        2
   f - Conjure Flame                  Conjuration/Fire             3
   g - Mephitic Cloud                 Conjuration/Poison/Air       3
 r - a Grand Grimoire

   Spells                             Type                      Level
   a - Monstrous Menagerie            Summoning                    7
   b - Summon Greater Demon           Summoning                    7
   c - Malign Gateway                 Summoning/Translocation      7
   d - Summon Horrible Things         Summoning                    8
 u - a book of the Warp

   Spells                             Type                      Level
   a - Recall                         Summoning/Translocation      3
   b - Gell's Gravitas                Hexes/Translocation          3
   c - Force Lance                    Conjuration/Translocation    4
   d - Phase Shift                    Translocation                5
   e - Warp Weapon                    Charms/Translocation         5
   f - Summon Forest                  Summoning/Translocation      5
 F - a book of Clouds

   Spells                             Type                      Level
   a - Mephitic Cloud                 Conjuration/Poison/Air       3
   b - Conjure Flame                  Conjuration/Fire             3
   c - Poisonous Cloud                Conjuration/Poison/Air       6
   d - Freezing Cloud                 Conjuration/Ice/Air          6
   e - Ring of Flames                 Charms/Fire                  7
Comestibles
 c - 6 bread rations
 i - 4 meat rations


   Skills:
 + Level 5.9 Fighting
 * Level 7.7 Short Blades
 + Level 5.1 Dodging
 * Level 8.1 Stealth
 - Level 3.0 Spellcasting
 - Level 1.0 Conjurations
   Level 1.0 Summonings
   Level 1.0 Translocations
 + Level 4.5 Evocations


You had 13 spell levels left.
You knew the following spells:

 Your Spells              Type           Power        Failure   Level  Hunger
z - Magic Dart            Conj           #...         14%         1    #......


Dungeon Overview and Level Annotations

Branches:
Dungeon (7/15)             Temple (1/1) D:5

Altars:
Cheibriados
Elyvilon
Kikubaaqudgha
Okawaru
Pakellas
Qazlal
Trog
Vehumet
Xom
The Shining One

Shops:
D:4 %   D:6 !


Innate Abilities, Weirdness & Mutations

You can breathe wild blasts of lightning.
Your glossy black scales are hard (AC +7).
Your body does not fit into most forms of armour.
You are resistant to electric shocks.
You are cold-blooded and may be slowed by cold attacks.
Scrolls take you a little longer to read.
Your body sometimes deteriorates upon taking damage.
You are dopey. (Int -2)
You are robust (+10% HP).


Message History

The steam dragon breathes steam at you. The ball of steam hits you!
* * * LOW HITPOINT WARNING * * *
The hound barks!
Drink which item? (? for menu, Esc to quit)
You feel much better.
You are engulfed in a cloud of scalding steam.
The hound is engulfed in a cloud of scalding steam.
The hound misses you.
Evoke which item? (* to show all) (? for menu, Esc to quit)
Zapping:
E - a wand of draining (5/15)
Press: ? - help, Shift-Dir - straight line, f/p - steam dragon
Aim: a steam dragon (steam, moderately wounded, lightly drained)
The bolt of negative energy misses the steam dragon.
This wand has 4 charges left.
You are engulfed in a cloud of scalding steam.
* * * LOW HITPOINT WARNING * * *
The steam dragon breathes steam at you. The ball of steam hits you!
You die...

###### ### #...§######## #..
+...§'§.....### # #.#
#..§§#§####.#.# .###
#.####....#D##.....####.....
#.#>.....oh§§...............
#.#.#######@##..............
#....)....§§§)..............
########..########.......##.
'. #..# #........[. #..#..#
##......... #..#..#
#.......... #####..#..#
#...#####.. #......#.)#
#.### #.# #......#.(# #.###
#.#


You could see a steam dragon, a hound and an orc.

Vanquished Creatures
  A hill giant (D:6)
  The ghost of namelastname112 the Sneak, an amateur DrWz (D:4)
  2 hippogriffs
  2 orc warriors (D:7)
  2 phantoms
  6 ogres
  2 eyes of draining (D:7)
  A necrophage (D:7)
  3 centaurs
  A big kobold (D:7)
  3 giant frogs
  A scorpion (D:7)
  A killer bee (D:7)
  3 crimson imps
  3 hounds
  2 jellies
  2 orc priests (D:7)
  A giant frog skeleton (D:7)
  8 orc wizards
  Ijyb (D:2)
  Natasha (twice) (D:3)
  3 worker ants
  A hound skeleton (D:6)
  A hound zombie (D:7)
  2 worker ant zombies
  13 gnolls
  10 adders
  A shadow imp (D:5)
  2 oozes
  An adder zombie (D:7)
  6 worms
  6 giant geckos
  32 orcs
  2 ball pythons
  5 giant cockroaches
  10 goblins
  8 hobgoblins
  3 jackals (D:5)
  3 quokkas
  A ball python skeleton (D:4)
  6 bats
  A giant cockroach zombie (D:5)
  4 giant newts
  12 kobolds
  A quokka zombie (D:7)
  13 rats
195 creatures vanquished.

Vanquished Creatures (others)
  A crocodile (D:3)
  A plant (D:5)
2 creatures vanquished.

Grand Total: 197 creatures vanquished

Notes
Turn   | Place    | Note
--------------------------------------------------------------
     0 | D:1      | namelastname112 the Draconian Wizard began the quest for the Orb.
     0 | D:1      | Reached XP level 1. HP: 14/14 MP: 4/4
   384 | D:1      | Reached XP level 2. HP: 22/22 MP: 1/6
   449 | D:1      | Reached skill level 1 in Short Blades
   954 | D:1      | Reached skill level 1 in Fighting
  1267 | D:1      | Reached XP level 3. HP: 7/28 MP: 0/7
  1610 | D:2      | Found a stormy altar of Qazlal.
  1856 | D:2      | Noticed Ijyb
  1926 | D:2      | Killed Ijyb
  1926 | D:2      | Reached XP level 4. HP: 12/35 MP: 1/8
  2699 | D:2      | Gained mutation: You are robust (+10% HP). [potion of mutation]
  2699 | D:2      | Gained mutation: Scrolls take you a little longer to read. [potion of mutation]
  2699 | D:2      | Gained mutation: You are dopey. (Int -2) [potion of mutation]
  2809 | D:2      | Reached XP level 5. HP: 41/45 MP: 0/9
  3648 | D:3      | Noticed Natasha
  3665 | D:3      | Killed Natasha
  3890 | D:3      | Found a glowing golden altar of the Shining One.
  4026 | D:3      | Reached skill level 4 in Stealth
  4340 | D:3      | Noticed Natasha
  4353 | D:3      | Killed Natasha
  4353 | D:3      | Reached XP level 6. HP: 21/55 MP: 6/10
  4985 | D:3      | Found an oddly glowing altar of Pakellas.
  4985 | D:3      | Noticed an orange crystal statue
  5029 | D:3      | Gained mutation: Your muscles are strong. (Str +2) [potion of mutation]
  5029 | D:3      | Lost mutation: Your muscles are strong. (Str +2) [potion of mutation]
  5029 | D:3      | Gained mutation: Your body sometimes deteriorates upon taking damage. [potion of mutation]
  5110 | D:3      | Became a worshipper of Pakellas the Inventive
  5368 | D:4      | Noticed a hippogriff
  5554 | D:3      | Killed a hippogriff
  5554 | D:3      | Reached skill level 1 in Evocations
  5764 | D:4      | Reached XP level 7. HP: 29/61 MP: 2/11
  5764 | D:4      | Your scales start taking on a glossy black colour.
  5764 | D:4      | Gained mutation: You are resistant to electric shocks. [Black Draconian growth]
  6458 | D:4      | Noticed namelastname112's ghost (amateur DrWz)
  6516 | D:4      | Killed namelastname112's ghost
  6516 | D:4      | Reached skill level 5 in Stealth
  6908 | D:4      | Found Resada's Food Boutique.
  7044 | D:4      | Reached * piety under Pakellas
  7222 | D:4      | Found a snail-covered altar of Cheibriados.
  7529 | D:3      | Reached XP level 8. HP: 61/72 MP: 12/12
  7567 | D:5      | Entered Level 5 of the Dungeon
  7622 | D:5      | Found an iron altar of Okawaru.
  7937 | D:5      | Reached skill level 5 in Short Blades
  8300 | D:5      | Reached ** piety under Pakellas
  8300 | D:5      | Received a gift from Pakellas
  8356 | D:5      | Reached skill level 6 in Stealth
  8474 | D:5      | Found a radiant altar of Vehumet.
  8628 | D:5      | Found a staircase to the Ecumenical Temple.
  8953 | Temple   | Entered the Ecumenical Temple
  9408 | D:6      | Found Noluuk's Distillery.
  9411 | D:6      | Bought a potion of curing for 45 gold pieces
  9411 | D:6      | Bought a potion of heal wounds for 75 gold pieces
  9411 | D:6      | Bought a potion of heal wounds for 75 gold pieces
  9607 | D:6      | Noticed a hill giant
  9623 | D:6      | Killed a hill giant
  9623 | D:6      | Reached XP level 9. HP: 80/80 MP: 13/13
  9771 | D:7      | Reached skill level 5 in Fighting
  9779 | D:7      | Reached skill level 7 in Stealth
 10518 | D:7      | Found a bloodstained altar of Trog.
 10770 | D:7      | Reached *** piety under Pakellas
 10788 | D:7      | Reached skill level 5 in Dodging
 10788 | D:7      | Reached skill level 8 in Stealth
 11278 | D:7      | Killed from afar by a steam dragon

Vault maps used:
D:1:      dpeg_arrival_subterranean_lakeside_camping
D:2:      marbit_many_paths, uniq_iyjb
D:3:      lemuel_coloured_pillars_altar, gammafunk_pakellas_statue_experiment,
          uniq_natasha
D:4:      cheibriados_altar_wand_db, serial_shops, nicolae_shop_waterfront
D:5:      okawaru_altar_gauntlet_db, lemuel_doored_altar, temple_green,
          first_bread, serial_bayou, serial_bayou_pond_e, serial_bayou_shore_a,
          serial_bayou_lagoon_b, serial_bayou_pond_d
D:6:      serial_shops, kennysheep_mini_moat
D:7:      kennysheep_windowed_halls, trog_eyes_of_draining
Temple:   circular_temple_13

Action                   |  1- 3 |  4- 6 |  7- 9 || total
-------------------------+-------+-------+-------++-------
Melee: Dagger            |   143 |   200 |   695 ||  1038
       Unarmed           |       |    24 |     2 ||    26
 Cast: Magic Dart        |    86 |   144 |     2 ||   232
Invok: Quick Charge      |       |       |     1 ||     1
 Abil: Breathe Lightning |       |       |     7 ||     7
Evoke: Wand              |       |       |    13 ||    13
  Use: Scroll            |       |     9 |     2 ||    11
       Potion            |       |     6 |     3 ||     9
 Stab: Sleeping          |     1 |     2 |    11 ||    14
  Eat: Chunk             |     2 |    13 |    30 ||    45
       Pizza             |       |       |     1 ||     1
       Royal jelly       |       |       |     1 ||     1
